 Dungeon Crawl Stone Soup version 0.23-a0-269-g65e0026 (webtiles) character file.

97905 George the Protected (level 15, -6/138 HPs)
             Began as a Minotaur Fighter on Sept 30, 2018.
             Was the Champion of Makhleb.
             Mangled by a tyrant leech (13 damage)
             ... on level 1 of the Swamp.
             The game lasted 00:54:44 (21668 turns).

George the Protected (Minotaur Fighter)            Turns: 21668, Time: 00:54:44

Health: -6/138     AC: 20    Str: 25    XL:     15   Next: 73%
Magic:  22/22      EV: 18    Int: 11    God:    Makhleb [******]
Gold:   1399       SH: 14    Dex: 12    Spells: 14/14 levels left

rFire    . . .     SeeInvis .   P - +4 scimitar (flame)
rCold    + . .     Gourm    .   c - +0 shield
rNeg     . . .     Faith    +   x - +1 chain mail {MR+}
rPois    .         Spirit   .   B - +2 hat
rElec    .         Reflect  .   Z - scarf {cloud immunity}
rCorr    .         Harm     .   S - +1 pair of gloves of the Hare {Int+6}
MR       ++...                  w - +0 pair of boots
Stlth    ..........             Q - amulet of faith
HPRegen  0.33/turn              y - ring of protection from cold
MPRegen  0.18/turn              L - +3 ring of evasion

@: studying Bows
A: retaliatory headbutt, horns 2
a: Minor Destruction, Lesser Servant of Makhleb, Major Destruction, Greater
Servant of Makhleb, Renounce Religion


You were on level 1 of the Swamp.
You worshipped Makhleb.
Makhleb was exalted by your worship.
You were not hungry.

You visited 5 branches of the dungeon, and saw 25 of its levels.

You collected 2031 gold pieces.
You spent 632 gold pieces at shops.

Inventory:

Hand Weapons
 G - the +10 long sword "Suz Ykk" {freeze, rC+ rN+}
   (You found it on level 6 of the Dungeon)

   It has been specially enchanted to freeze those struck by it, causing extra
   injury to most foes and up to half again as much damage against particularly
   susceptible opponents.
   It can also slow down cold-blooded creatures.
   It protects you from cold.
   It protects you from negative energy.
 P - a +4 scimitar of flaming (weapon)
 W - a +3 longbow of flaming
Missiles
 X - 559 arrows
Armour
 c - a +0 shield (worn)
 w - a +0 pair of boots (worn)
 x - a +1 chain mail of magic resistance (worn)
 B - a +2 hat (worn)
 S - the +1 pair of gloves of the Hare (worn) {Int+6}
   (You bought it in a shop on level 2 of the Orcish Mines)

   It affects your intelligence (+6).
 Z - a scarf of cloud immunity (worn)
Jewellery
 e - an uncursed amulet of the gourmand
 y - a ring of protection from cold (left hand)
 L - a +3 ring of evasion (right hand)
 Q - an amulet of faith (around neck)
Wands
 A - a wand of iceblast (1)
 D - a wand of disintegration (11)
 E - a wand of scattershot (7)
 F - a wand of paralysis (40)
 K - a wand of acid (25)
 M - a wand of flame (44)
 V - a wand of clouds (4)
Scrolls
 g - 6 scrolls of magic mapping
 h - 2 scrolls of brand weapon
 i - 11 scrolls of remove curse
 j - 3 scrolls of immolation
 k - 2 scrolls of fear
 o - 4 scrolls of fog
 p - 4 scrolls of blinking
 q - 17 scrolls of teleportation
 v - 3 scrolls of enchant armour {unknown}
 z - 2 scrolls of enchant weapon {unknown}
 C - 2 scrolls of acquirement {unknown}
 H - a scroll of holy word {unknown}
 N - a scroll of torment {unknown}
 R - 2 scrolls of vulnerability {unknown}
Potions
 b - a potion of invisibility
 d - 3 potions of might
 l - 6 potions of agility
 m - 4 potions of magic
 n - 3 potions of berserk rage
 r - 2 potions of flight
 s - 2 potions of heal wounds
 t - 2 potions of resistance
 u - 6 potions of curing
 J - 2 potions of haste
 O - 2 potions of cancellation
 U - a potion of mutation
Books
 T - a manual of Bows
Comestibles
 f - 69 rations


   Skills:
 + Level 14.0 Fighting
 - Level 14.0 Long Blades
 + Level 14.2 Armour
 + Level 12.6 Dodging
 + Level 14.1 Shields
 + Level 11.7 Invocations


You had 14 spell levels left.
You didn't know any spells.
Your spell library contained the following spells:

 Spells                   Type           Power        Failure   Level  Hunger
 Corona                   Hex            #......      86%         1    ##.....
 Magic Dart               Conj           #...         86%         1    ##.....
 Summon Small Mammal      Summ           #...         86%         1    ##.....
 Blink                    Tloc           N/A          94%         2    ###....
 Call Imp                 Summ           #.......     94%         2    ###....
 Corpse Rot               Necr           N/A          94%         2    ###....
 Ensorcelled Hibernation  Hex/Ice        #.....       94%         2    ###....
 Poisonous Vapours        Pois/Air       #.....       94%         2    ###....
 Slow                     Hex            #.......     94%         2    ###....
 Sublimation of Blood     Necr           #.........   94%         2    ###....
 Call Canine Familiar     Summ           #.......     99%         3    ####...
 Confuse                  Hex            #.......     99%         3    ####...
 Conjure Flame            Conj/Fire      #.......     99%         3    ####...
 Dazzling Spray           Conj/Hex       #.....       99%         3    ####...
 Gell's Gravitas          Tloc           #.........   99%         3    ####...
 Ignite Poison            Fire/Tmut/Pois #.......     99%         3    ####...
 Mephitic Cloud           Conj/Pois/Air  #.......     99%         3    ####...
 Portal Projectile        Hex/Tloc       #.....       99%         3    ####...
 Summon Guardian Golem    Hex/Summ       #.......     99%         3    ####...
 Tukima's Dance           Hex            #.......     99%         3    ####...
 Force Lance              Conj/Tloc      #.......     100%        4    #####..
 Ice Form                 Ice/Tmut       #.......     100%        4    #####..
 Summon Ice Beast         Ice/Summ       #.......     100%        4    #####..
 Summon Lightning Spire   Summ/Air       #.......     100%        4    #####..
 Agony                    Necr           #.......     100%        5    ######.
 Bolt of Draining         Conj/Necr      #.........   100%        5    ######.
 Dispel Undead            Necr           #.......     100%        5    ######.
 Excruciating Wounds      Chrm/Necr      #.........   100%        5    ######.
 Fireball                 Conj/Fire      #.........   100%        5    ######.
 Irradiate                Conj/Tmut      #.........   100%        5    ######.
 Metabolic Englaciation   Hex/Ice        #.........   100%        5    ######.
 Bolt of Cold             Conj/Ice       #.........   100%        6    #######
 Bolt of Fire             Conj/Fire      #.........   100%        6    #######
 Dispersal                Tloc           #.........   100%        6    #######
 Freezing Cloud           Conj/Ice/Air   #.........   100%        6    #######
 Hydra Form               Tmut           #.........   100%        6    #######
 Ozocubu's Refrigeration  Ice            #.........   100%        6    #######
 Simulacrum               Ice/Necr       #.........   100%        6    #######
 Statue Form              Tmut/Erth      #........    100%        6    #######
 Dragon Form              Tmut           #.........   100%        7    #######
 Ring of Flames           Chrm/Fire      #.........   100%        7    #######
 Controlled Blink         Tloc           N/A          100%        8    #######
 Disjunction              Tloc           #.........   100%        8    #######
 Ignition                 Fire           #.........   100%        8    #######


Dungeon Overview and Level Annotations

Branches:
Dungeon (15/15)            Temple (1/1) D:6            Lair (6/6) D:8
  Swamp (1/4) Lair:4       Spider (0/4) Lair:2        Slime (0/5) Lair:6
    Orc (2/2) D:12            Elf (0/3) Orc:2        Vaults (0/5) D:14
 Depths (0/5) D:15

Altars:
Ashenzari
Cheibriados
Dithmenos
Elyvilon
Fedhas
Gozag
Hepliaklqana
Kikubaaqudgha
Makhleb
Nemelex Xobeh
Okawaru
Qazlal
Ru
Sif Muna
Trog
Uskayaw
Vehumet
Wu Jian
Xom
Yredelemnul
Zin
The Shining One
Beogh
Jiyva

Shops:
D:4 :!   D:8 (   Orc:2 [(:?[

Portals:
Trove: D:11 (give +6 demon trident)

Annotations:
D:13 2 transporters, Yceypur's ghost, journeyman DrBe
Lair:2 exclusion: oklob plant


Innate Abilities, Weirdness & Mutations

You reflexively headbutt those who attack you in melee.
You have a pair of horns on your head.


Message History

The bog body touches your hellwing but does no damage.
The tyrant leech closely misses you. The tyrant leech bites you!
* * * LOW HITPOINT WARNING * * *
The tyrant leech draws strength from your injuries!
You hit the tyrant leech. You burn the tyrant leech.
You headbutt the tyrant leech.
The tyrant leech is heavily wounded.
Something stings your hellwing!
Your hellwing dies!
The tyrant leech bites you but does no damage.
You slash the tyrant leech! You burn the tyrant leech.
The tyrant leech is severely wounded.
You block the tyrant leech's attack. The tyrant leech bites you!
* * * LOW HITPOINT WARNING * * *
The tyrant leech draws strength from your injuries!
You feel much better. The tyrant leech bites you!!
* * * LOW HITPOINT WARNING * * *
The tyrant leech draws strength from your injuries!
The tyrant leech bites you!
You die...

♣..♣♣♣≈≈≈≈≈≈.≈≈♣
♣.≈♣♣.≈...≈≈.≈≈♣
♣≈≈....≈≈≈≈≈.≈.♣
♣.≈..♣.≈≈..≈...♣♣
♣.≈.....≈.....≈.♣
♣.≈≈≈..♣♣≈§≈≈♣.≈.♣
♣..≈≈≈≈♣♣♣♣♣w≈≈.≈≈♣
.≈≈≈≈≈≈≈≈♣
♣♣wn≈.♣≈♣
≈≈≈♣≈♣...♣♣
♣@wy≈≈..♣♣
...≈≈.≈♣..♣♣
♣w†♣♣....♣
.≈.≈≈≈♣♣♣.♣
♣..♣♣♣.≈.♣ .≈.≈≈≈
.♣ ♣.♣♣ .≈.≈≈≈. ≈≈♣
≈♣.≈... ♣.≈♣
♣≈≈≈≈♣≈ ♣.♣♣ ? ≈≈..
♣. .. ≈♣. ♣. ♣.


You could see 4 tyrant leeches, a bog body and a hornet.

Vanquished Creatures
  Rupert (D:15)
  An orc warlord (Orc:2)
  Nessos (Lair:4)
  A dire elephant (D:15)
  A fire dragon (D:15)
  The ghost of coffeespoons the Blocker, a journeyman DDFi of Makhleb (D:12)
  Josephine (D:11)
  A great orb of eyes (D:15)
  2 rakshasas
  10 hydras
  Erolcha (Orc:2)
  5 centaur warriors
  A catoblepas (Lair:6)
  An ogre mage (Orc:2)
  Erica (Lair:1)
  6 death yaks
  4 two-headed ogres
  A deep troll shaman (Lair:6)
  An orc high priest (Orc:2)
  2 alligators (Swamp:1)
  Sonja (D:10)
  A fire crab (Lair:6)
  Nergalle (Lair:4)
  A skeletal warrior (D:14)
  A deep elf archer (D:14)
  A swamp dragon (Swamp:1)
  7 orc sorcerers (Orc:2)
  A wolf spider (D:15)
  2 cyclopes
  4 manticores
  4 deep elf magi
  12 ugly things (D:14)
  4 centaur zombies
  Maurice (D:9)
  Joseph (D:8)
  15 elephants
  A black mamba (Lair:6)
  A gargoyle (D:12)
  4 torpor snails (Lair:2)
  5 centaur skeletons
  15 spiny frogs
  A rime drake (Lair:6)
  2 komodo dragons
  3 yaktaurs (D:14)
  A komodo dragon (shapeshifter) (D:13)
  4 freezing wraiths
  15 trolls
  A queen bee (Lair:1)
  3 polar bears
  2 jumping spiders (Lair:2)
  6 slime creatures (D:15)
  8 hippogriffs
  4 blink frogs (Lair:2)
  2 redbacks (Lair:2)
  A shadow (D:15)
  A vampire (D:11)
  36 yaks
  11 wraiths
  4 wyverns
  4 hungry ghosts
  5 vampire mosquitoes (Lair:4)
  A basilisk (D:8)
  3 swamp worms (Swamp:1)
  2 wargs
  2 soldier ants (D:10)
  The ghost of vogonpoet the Magician, an amateur SpWn (D:3)
  22 orc warriors
  10 porcupines
  2 sky beasts
  11 water moccasins
  4 black bears
  2 ice beasts (D:7)
  9 ogres
  3 necrophages
  22 wolves
  4 boggarts (D:15)
  A phantom (D:6)
  14 centaurs
  15 crocodiles
  Blork the orc (D:4)
  14 bullfrogs
  2 wyvern skeletons (D:14)
  3 scorpions
  35 killer bees
  2 electric eels (D:12)
  4 howler monkeys
  2 bullfrog zombies
  6 crimson imps
  2 quasits
  31 orc wizards
  14 orc priests
  2 bullfrog skeletons
  10 hounds
  3 jellies
  A gnoll shaman (D:5)
  14 worker ants
  6 iguanas
  2 hound skeletons
  2 hound zombies
  4 worker ant zombies
  A howler monkey zombie (D:5)
  12 gnolls
  12 adders
  7 shadow imps
  A worker ant simulacrum (D:3)
  2 oozes
  4 worms
  A leopard gecko (D:6)
  68 orcs
  4 bats
  4 giant cockroaches
  15 goblins
  12 hobgoblins
  28 jackals
  6 quokkas
  A ball python (D:4)
  6 frilled lizards
  A giant cockroach simulacrum (D:3)
  A giant cockroach zombie (D:5)
  3 leopard gecko simulacra (D:3)
  2 leopard gecko skeletons
  A quokka simulacrum (D:3)
  A quokka skeleton (D:8)
  A quokka zombie (D:7)
  6 rats
  A fungus (Lair:1)
  3 plants
732 creatures vanquished.

Vanquished Creatures (collateral kills)
  A centaur warrior (D:15)
  An orc knight (D:15)
  A wolf spider (D:15)
  2 orc sorcerers (Orc:2)
  A cyclops (D:15)
  A spiny frog (Lair:5)
  A wraith (D:15)
  2 ogres (Orc:2)
  A bullfrog (Lair:5)
  An orc wizard (Orc:2)
  11 orcs (Orc:2)
23 creatures vanquished.

Vanquished Creatures (others)
  A fungus (Lair:6)
  7 plants
8 creatures vanquished.

Grand Total: 763 creatures vanquished

Notes
Turn   | Place    | Note
-------+----------+-------------------------------------------
     0 | D:1      | George the Minotaur Fighter began the quest for the Orb.
     0 | D:1      | Reached XP level 1. HP: 19/19 MP: 0/0
   519 | D:1      | Reached XP level 2. HP: 24/26 MP: 1/1
   868 | D:2      | Reached XP level 3. HP: 30/31 MP: 2/2
  1587 | D:3      | Reached skill level 5 in Long Blades
  1635 | D:3      | HP: 1/31 [gnoll/flail (9)]
  1942 | D:3      | Reached XP level 4. HP: 18/39 MP: 3/3
  2143 | D:3      | Noticed vogonpoet's ghost (amateur SpWn)
  2168 | D:3      | Found a sacrificial altar of Ru.
  2463 | D:3      | Found a shadowy altar of Dithmenos.
  2467 | D:3      | Reached XP level 5. HP: 42/45 MP: 4/4
  2904 | D:3      | Found a runed gate.
  2904 | D:3      | Found a runed gate.
  2904 | D:3      | Found a runed gate.
  3409 | D:4      | Found Xarilym's Distillery.
  3441 | D:4      | Reached XP level 6. HP: 16/51 MP: 5/5
  3676 | D:4      | Bought a potion of curing for 36 gold pieces
  3797 | D:4      | Noticed Blork the orc
  3806 | D:4      | Killed Blork the orc
  4028 | D:4      | Found Ilalleez's Book Emporium.
  4062 | D:4      | Reached XP level 7. HP: 52/57 MP: 6/6
  4528 | D:5      | Entered Level 5 of the Dungeon
  4537 | D:5      | Reached skill level 10 in Long Blades
  4559 | D:5      | Found a shimmering altar of Xom.
  4619 | D:5      | Found a blossoming altar of Fedhas.
  4894 | D:5      | Reached XP level 8. HP: 57/64 MP: 7/7
  5582 | D:6      | Got a twisted long sword
  5588 | D:6      | Identified the +10 long sword "Suz Ykk" {freeze, rC+ rN+}
                  | (You found it on level 6 of the Dungeon)
  5638 | D:6      | Found a staircase to the Ecumenical Temple.
  6038 | Temple   | Entered the Ecumenical Temple
  6146 | Temple   | Became a worshipper of Makhleb the Destroyer
  6251 | D:7      | Reached XP level 9. HP: 63/71 MP: 8/8
  6369 | D:7      | Reached skill level 1 in Dodging
  6650 | D:3      | Killed vogonpoet's ghost
  6650 | D:3      | Reached skill level 1 in Invocations
  6872 | D:8      | Found Xuces's Weapon Emporium.
  6933 | D:8      | Reached * piety under Makhleb
  7028 | D:8      | Found a staircase to the Lair.
  7028 | D:8      | Noticed a death yak
  7046 | D:8      | Killed a death yak
  7046 | D:8      | Reached skill level 5 in Fighting
  7046 | D:8      | Reached skill level 5 in Armour
  7046 | D:8      | Reached skill level 5 in Shields
  7134 | D:8      | Noticed an elephant
  7150 | D:8      | Reached XP level 10. HP: 67/81 MP: 11/11
  7156 | D:8      | Killed an elephant
  7661 | D:8      | Noticed Joseph
  7674 | D:8      | Killed Joseph
  8154 | D:9      | Reached ** piety under Makhleb
  8233 | D:9      | Noticed Maurice
  8785 | D:10     | Entered Level 10 of the Dungeon
  8812 | D:10     | Reached skill level 5 in Dodging
  9038 | D:9      | Killed Maurice
  9067 | D:10     | Noticed Sonja
  9074 | D:10     | Killed Sonja
  9074 | D:10     | Reached skill level 5 in Invocations
  9074 | D:10     | Reached XP level 11. HP: 87/92 MP: 13/13
  9075 | D:10     | Reached *** piety under Makhleb
  9921 | D:11     | Noticed a deep elf mage
  9930 | D:11     | Killed a deep elf mage
 10094 | D:11     | Noticed Josephine
 10108 | D:11     | Killed Josephine
 10118 | D:11     | Reached **** piety under Makhleb
 10152 | D:11     | Found a portal to a secret trove of treasure.
 10506 | D:12     | Found a runed gate.
 10507 | D:12     | Found a runed gate.
 10507 | D:12     | Found a runed gate.
 10508 | D:12     | Noticed coffeespoons's ghost (journeyman DDFi)
 10519 | D:12     | Found a staircase to the Orcish Mines.
 10532 | D:12     | Got a crystal rapier
 10536 | D:12     | Identified the cursed +1 rapier of Action {flame, rN+
                  | Int+4} (You found it on level 12 of the Dungeon)
 10978 | D:12     | Noticed a two-headed ogre
 10983 | D:12     | Killed a two-headed ogre
 11088 | D:12     | You fall through a shaft!
 11098 | D:13     | Reached XP level 12. HP: 100/104 MP: 16/16
 11558 | D:12     | Killed coffeespoons's ghost
 11587 | D:12     | Reached ***** piety under Makhleb
 11615 | D:12     | Got a crude short sword
 11618 | D:12     | Identified the +8 short sword of Instinct {antimagic,
                  | +Blink rN+} (You found it on level 12 of the Dungeon)
 11923 | Lair:1   | Entered Level 1 of the Lair of Beasts
 11932 | Lair:1   | Noticed a seven-headed hydra
 11956 | Lair:1   | Killed a seven-headed hydra
 12036 | Lair:1   | Noticed an eight-headed hydra
 12045 | Lair:1   | Killed an eight-headed hydra
 12045 | Lair:1   | Reached skill level 10 in Armour
 12086 | Lair:1   | Reached skill level 10 in Shields
 12096 | Lair:1   | Reached skill level 10 in Fighting
 12320 | Lair:1   | Noticed Erica
 12325 | Lair:1   | Killed Erica
 12828 | Lair:2   | Found a snail-covered altar of Cheibriados.
 13204 | Lair:2   | Found a hole to the Spider Nest.
 13246 | Lair:2   | Reached XP level 13. HP: 92/114 MP: 18/18
 13438 | Lair:3   | Reached ****** piety under Makhleb
 14342 | Lair:4   | Noticed Nergalle
 14350 | Lair:4   | Killed Nergalle
 14475 | Lair:4   | Noticed Nessos
 14485 | Lair:4   | HP: 5/116 [Nessos/arrow (2)]
 14486 | Lair:4   | HP: 1/116 [poisoned by Nessos]
 14496 | Lair:4   | Killed Nessos
 14793 | Lair:4   | Reached skill level 10 in Dodging
 14809 | Lair:4   | Found a staircase to the Swamp.
 15899 | Lair:6   | Entered Level 6 of the Lair of Beasts
 16010 | Lair:6   | Reached XP level 14. HP: 98/125 MP: 20/20
 16566 | Lair:6   | Found a viscous altar of Jiyva.
 16566 | Lair:6   | Found a staircase to the Slime Pits.
 16658 | Lair:6   | Reached skill level 10 in Invocations
 17511 | Orc:1    | Entered Level 1 of the Orcish Mines
 17964 | Orc:2    | Entered Level 2 of the Orcish Mines
 17964 | Orc:2    | Found a roughly hewn altar of Beogh.
 18046 | Orc:2    | Noticed an orc warlord
 18073 | Orc:2    | Killed an orc warlord
 18345 | Orc:2    | Found a staircase to the Elven Halls.
 18431 | Orc:2    | Found Nutu's Antique Armour Shoppe.
 18612 | Orc:2    | Found Haopp's Antique Armour Shoppe.
 18677 | Orc:2    | Found a radiant altar of Vehumet.
 18678 | Orc:2    | Noticed Erolcha
 18692 | Orc:2    | Killed Erolcha
 18705 | Orc:2    | Found Zuw Coz's Book Emporium.
 18742 | Orc:2    | Found a roughly hewn altar of Beogh.
 18744 | Orc:2    | Found Zuif Deutor's Antique Weapon Emporium.
 18757 | Orc:2    | Found Zewnutuv's Magic Scroll Shoppe.
 18797 | Orc:2    | Found an ancient bone altar of Kikubaaqudgha.
 18919 | Orc:2    | Bought a pair of transparent gloves for 351 gold pieces
 18935 | Orc:2    | Identified the +1 pair of gloves of the Hare {Int+6} (You
                  | bought it in a shop on level 2 of the Orcish Mines)
 18971 | Orc:2    | Bought a runed hat for 245 gold pieces
 19370 | D:13     | Noticed Yceypur's ghost (journeyman DrBe)
 19385 | D:13     | Found a transporter.
 19399 | D:13     | Found a transporter.
 19479 | D:13     | Got a shimmering hand crossbow
 19481 | D:13     | Identified the cursed +1 hand crossbow of the Pure Curses
                  | {freeze, rC+++ Str+2} (You found it on level 13 of the
                  | Dungeon)
 19929 | D:14     | Reached XP level 15. HP: 48/136 MP: 22/22
 20100 | D:14     | You fall through a shaft!
 20100 | D:15     | Entered Level 15 of the Dungeon
 20339 | D:15     | Noticed Rupert
 20355 | D:15     | Killed Rupert
 20689 | D:15     | Found a staircase to the Depths.
 21199 | D:14     | Found a gate to the Vaults.
 21581 | Swamp:1  | Entered Level 1 of the Swamp
 21664 | Swamp:1  | HP: 5/138 [tyrant leech (25)]
 21668 | Swamp:1  | Mangled by a tyrant leech

Vault maps used:
D:1:      roderic_crossed_star, grunt_decor_one_mirror
D:2:      first_ration
D:3:      lemuel_coloured_pillars_altar, nicolae_overflow_crystal_walls,
          serial_bayou, serial_bayou_lake_a, serial_bayou_shore_a,
          serial_bayou_ford_a, serial_bayou_crossing, gammafunk_ghost_icy,
          uniq_robin
D:4:      serial_shops, kennysheep_mini, shop, uniq_blork_the_orc
D:5:      grunt_temple_overflow_open, serial_curves, eino_curves_04,
          eino_curves_04
D:6:      minmay_temple_entry_from_below_b
D:8:      david_lair_generic, serial_shops, shop_statue, uniq_joseph
D:9:      uniq_maurice
D:10:     hangedman_pestilent_swarm, uniq_sonja
D:11:     enter_trove_3, uniq_josephine
D:12:     orc_0_dummy, gammafunk_ghost_spectres, serial_bayou,
          serial_bayou_pond_a, serial_bayou_pond_e, serial_bayou_pond_d,
          serial_bayou_lagoon_a, serial_bayou_pond_c, serial_bayou_pond_d
D:13:     gammafunk_ghost_stat_death
D:14:     hangedman_vaults_entry_quadrant_bands, hangedman_decor_diamond_cutter,
          minmay_fountain_box
D:15:     hangedman_depths_entry_try_elsewhere_first, uniq_rupert
Temple:   dpeg_five_rooms_temple
Lair:1:   grunt_forest_small_clearing_treed, grunt_megastairs_2,
          lemuel_fruit_tree, serial_bayou_shore_b, uniq_erica
Lair:2:   spider_nest_entry_funnel_web, kennysheep_snail_temple
Lair:3:   beast_lair_carwin_8
Lair:4:   minmay_swamp_entry_swarm, uniq_nessos, uniq_nergalle
Lair:5:   st_stairs_4, serial_bayou_pond_d, beast_lair_carwin_7
Lair:6:   grunt_lair_end_beastmaster, dpeg_slime_entry_enclosed_altar
Swamp:1:  evilmike_swamp_ruin_house_3
Orc:2:    kennysheep_orc_mage_school, serial_shops, nicolae_shop_statue_plus,
          basic_altar, uniq_erolcha

Skill      XL: |  1  2  3  4  5  6  7  8  9 10 11 12 13 14 15 |
---------------+----------------------------------------------+-----
Long Blades    | 3 4 5 6 7 9 11 13 14 | 14.0
Armour         | 5 7 9 10 12 13 14 | 14.2
Dodging        | 3 5 7 9 10 11 12 | 12.6
Fighting       | 5 7 9 10 11 13 14 | 14.0
Shields        | 5 7 9 10 12 13 14 | 14.1
Invocations    | 3 5 6 8 9 10 11 | 11.7

Action                   |  1- 3 |  4- 6 |  7- 9 | 10-12 | 13-15 || total
-------------------------+-------+-------+-------+-------+-------++-------
Melee: Long sword        |   117 |   168 |   311 |   553 |   999 ||  2148
       Headbutt          |    14 |    34 |    53 |   123 |   318 ||   542
       Short sword       |       |       |       |    15 |       ||    15
       Scimitar          |       |       |       |       |    68 ||    68
Invok: Minor Destruction |       |       |       |     9 |     7 ||    16
       Lesser Servant of |       |       |       |       |     7 ||     7
 Abil: Evoke Berserk Rag |       |     1 |     1 |       |       ||     2
Evoke: Wand              |       |       |     1 |    17 |       ||    18
  Use: Scroll            |       |       |     7 |    15 |     5 ||    27
       Potion            |       |       |       |       |     5 ||     5
 Stab: Petrified         |       |       |       |       |     3 ||     3
       Distracted        |       |       |       |       |     4 ||     4
       Petrifying        |       |       |       |       |     1 ||     1
  Eat: Chunk             |     2 |     9 |     8 |    23 |    23 ||    65
       Ration            |       |       |     1 |       |     2 ||     3
Armor: Scale mail        |    41 |    37 |       |       |       ||    78
       Chain mail        |       |    12 |    97 |   161 |   330 ||   600
Dodge: Dodged            |    27 |    34 |    48 |   192 |   404 ||   705
Block: Shield            |    57 |    70 |   103 |   278 |   599 ||  1107
       Rpst.: Long sword |     5 |     9 |    13 |    50 |    85 ||   162
       Scimitar          |       |       |       |       |    11 ||    11

Table legend:
 A = Non-vault XP
 B = Vault XP
 C = Vault XP percentage of total XP
 D = Non-vault monster count
 E = Vault monster count
 F = Vault count percentage of total count
                 A         B        C        D         E       F
            +---------+---------+-------+---------+---------+-------
      Total |   86435 |   53430 |  38.2 |     574 |     177 |  23.6
            +---------+---------+-------+---------+---------+-------
        D:1 |      15 |       0 |   0.0 |       8 |       0 |   0.0
        D:2 |      59 |       0 |   0.0 |      24 |       0 |   0.0
        D:3 |     210 |     169 |  44.6 |      40 |      15 |  27.3
        D:4 |     479 |      96 |  16.7 |      17 |       1 |   5.6
        D:5 |     560 |       0 |   0.0 |      26 |       0 |   0.0
        D:6 |    1058 |       0 |   0.0 |      31 |       0 |   0.0
        D:7 |     777 |       0 |   0.0 |      12 |       0 |   0.0
        D:8 |    1588 |    2142 |  57.4 |      28 |       5 |  15.2
        D:9 |    1012 |     485 |  32.4 |      14 |       1 |   6.7
       D:10 |    2773 |    1163 |  29.5 |      42 |       5 |  10.6
       D:11 |    4697 |    1857 |  28.3 |      27 |       5 |  15.6
       D:12 |    2788 |    3074 |  52.4 |      12 |       9 |  42.9
       D:13 |    4650 |       0 |   0.0 |      17 |       0 |   0.0
       D:14 |   12025 |    6266 |  34.3 |      26 |      15 |  36.6
       D:15 |   13521 |    5471 |  28.8 |      43 |       5 |  10.4
     Lair:1 |    2056 |    3901 |  65.5 |       9 |      29 |  76.3
     Lair:2 |    3588 |    2665 |  42.6 |      17 |       8 |  32.0
     Lair:3 |    3869 |     835 |  17.8 |      20 |       6 |  23.1
     Lair:4 |    5564 |    2977 |  34.9 |      20 |       7 |  25.9
     Lair:5 |    4775 |    5708 |  54.5 |      20 |      14 |  41.2
     Lair:6 |    6608 |    9904 |  60.0 |      22 |      18 |  45.0
    Swamp:1 |    5248 |       0 |   0.0 |       9 |       0 |   0.0
      Orc:1 |    2402 |       0 |   0.0 |      36 |       0 |   0.0
      Orc:2 |    6113 |    6717 |  52.4 |      54 |      34 |  38.6
            +---------+---------+-------+---------+---------+-------
